 Dungeon Crawl Stone Soup version 0.32-a0-779-g362cfca (webtiles) character file.

Game seed: 4397786993196065617

41 Meow the Conjurer (level 3, -1/28 HPs)
             Began as a Naga Conjurer on Mar 19, 2024.
             Slain by a scorpion (6 damage)
             ... on level 2 of the Dungeon.
             The game lasted 00:03:25 (1148 turns).

Meow the Conjurer (Naga Conjurer)                   Turns: 1148, Time: 00:03:26

Health: -1/28      AC:  2    Str:  9    XL:     3   Next: 52%
Magic:  0/7        EV:  8    Int: 26    God:
Gold:   111        SH:  0    Dex:  9    Spells: 4/7 levels left

rFire   . . .        a - +3 dagger
rCold   . . .        (no shield)
rNeg    . . .        d - +0 robe
rPois   +            (no helmet)
rElec   .            (no cloak)
rCorr   .            (no gloves)
SInv    +            (no barding)
Will    .....        (no amulet)
Stlth   ++           k - +6 ring of intelligence
HPRegen 0.24/turn    (no ring)
MPRegen 0.10/turn

%: no passive effects
@: short of breath, very slow
A: AC +1, large, see invisible, deformed body, poison resistance, slowness 2,
spit poison 1, naga tail 1
a: Spit Poison


You were on level 2 of the Dungeon.
You visited 1 branch of the dungeon, and saw 2 of its levels.

You collected 111 gold pieces.

Inventory:

Hand Weapons
 a - a +3 dagger (weapon)
Missiles
 c - 5 poisoned darts
 e - 22 stones
Armour
 d - a +0 robe (worn)
Jewellery
 j - a ring of ice
 k - a +6 ring of intelligence (left hand)
Scrolls
 g - a scroll of poison
 h - a scroll of identify
 m - a scroll of brand weapon {unknown}
 n - a scroll of amnesia {unknown}
 o - a scroll of silence {unknown}
 p - a scroll of summoning {unknown}
Potions
 b - a potion of magic
 f - a potion of berserk rage
 i - a potion of might {unknown}
 l - 2 potions of haste {unknown}


   Skills:
 - Level 1.5 Dodging
 - Level 3.0 Stealth
 + Level 2.9 Spellcasting
 + Level 4.6 Conjurations


You had 4 spell levels left.
You knew the following spells:

 Your Spells              Type           Power      Damage    Failure   Level
a - Magic Dart            Conj           100%       1d8       1%          1
b - Searing Ray           Conj           54%        2d6       2%          2

Your spell library contained the following spells:

 Spells                   Type           Power      Damage    Failure   Level
 Fulminant Prism          Conj/Alch      7%         3d7       36%         4
 Iskenderun's Mystic Bla  Conj/Tloc      15%        2d5       36%         4
 Vhi's Electric Charge    Tloc/Air       6%         N/A       67%         4
 Arcjolt                  Conj/Air       7%         1d17      71%         5
 Maxwell's Capacitive Co  Air            1%         ∞         100%        8


Dungeon Overview and Level Annotations

Branches:
Dungeon (2/15)

Altars:
Fedhas


Innate Abilities, Weirdness & Mutations

Your serpentine skin is tough. (AC +1)
You have supernaturally acute eyesight. (SInv)
Armour fits poorly on your strangely shaped body.
Your system is resistant to poisons. (rPois)
You cover ground very slowly.
You can spit poison.
You have a snake-like lower body.


Message History

Press: ? - help, Shift-Dir - straight line, f/p - scorpion
Aim: a scorpion (heavily wounded, 79% to hit)
The searing ray misses the scorpion. (Press . to maintain the ray.) Unknown command.
The searing ray misses the scorpion.
The scorpion stings you!
The searing ray hits the scorpion but does no damage.
The scorpion is moderately wounded.
The scorpion stings you!
The searing ray misses the scorpion.
You finish channelling your searing ray.
The scorpion barely misses you.
You hit the scorpion.
The scorpion is heavily wounded.
You have got your breath back.
The scorpion barely misses you.
Aiming: Spit Poison (2% risk of failure)
Press: ? - help, Shift-Dir - straight line, f/p - scorpion
Aim: a scorpion (heavily wounded, 59% to hit)
The splash of poison misses the scorpion.
The scorpion stings you.
Unknown command.
Casting: Searing Ray (safe; 2% risk of failure)
Confirm with . or Enter, or press ? or * to list all spells.
Aiming: Searing Ray (safe; 2% risk of failure)
Press: ? - help, Shift-Dir - straight line, f/p - scorpion
Aim: a scorpion (heavily wounded, 79% to hit)
The searing ray hits the scorpion but does no damage.
The scorpion is heavily wounded. (Press . to maintain the ray.)
The scorpion closely misses you. The scorpion stings you!
* * * LOW HITPOINT WARNING * * *
You hit the scorpion but do no damage.
The scorpion is heavily wounded.
The scorpion stings you.
* * * LOW HITPOINT WARNING * * *
You hit the scorpion.
The scorpion is heavily wounded.
The scorpion stings you.
You die...

.########)......#
#.# #...... .#
#.#.###.#
##.######.## .#
#.#.# #.#
#........... ##
#.#.# #.#
#......##.## .....
#.# ##.._..###.#
.>###
#.#####......# #.#
...#
#............###.#
#####.#.....<.....#
#..@..#.###########
## ##s####.# .# §
#. #.# .#####.. #.
#.# ...°☼..? .. #>#
..§☼§.[...○ .# #.#
..°.°.$... .# #.#
.#####.).# # #.# .#
#○§☼#


You could see a scorpion.

Vanquished Creatures
  A dart slug (D:1)
  4 endoplasms
  8 goblins
  6 hobgoblins
  A quokka (D:1)
  3 ball pythons (D:1)
  A bat (D:1)
  3 frilled lizards
  6 kobolds
  A rat (D:1)
34 creatures vanquished.

Notes
Turn   | Place    | Note
-------+----------+-------------------------------------------
     0 | D:1      | Meow the Naga Conjurer began the quest for the Orb.
     0 | D:1      | Reached XP level 1. HP: 15/15 MP: 3/3
   155 | D:1      | Reached XP level 2. HP: 22/22 MP: 0/5
   226 | D:1      | Learned a level 2 spell: Searing Ray
   504 | D:1      | Reached XP level 3. HP: 28/28 MP: 4/6
  1097 | D:2      | Found a blossoming altar of Fedhas.
  1138 | D:2      | Noticed a scorpion
  1148 | D:2      | Slain by a scorpion

Illustrated notes

Levels and vault maps discovered:
D:1:      ncdulo_wetmaze, layout_rooms
D:2:      layout_loops_ring, serial_shops, shop, basic_altar,
          lemuel_flame_loot_1

Action                     || total
---------------------------++-------
  Melee: Dagger            ||     3
   Cast: Magic Dart        ||    38
         Searing Ray       ||     4
Ability: Spit Poison       ||    21
    Use: Scroll            ||     2
 Armour: Robe              ||     6
  Dodge: Dodged            ||     3

Table legend: (Time is in decaauts)
 A = Elapsed time spent in this place.
 B = Non-inter-level travel time spent in this place.
 C = Inter-level travel time spent in this place.
 D = Time resting spent in this place.
 E = Time spent auto-exploring this place.
 F = Levels seen in this place.
 G = Mean time per level.
                   A        B        C        D        E       F      G
               +--------+--------+--------+--------+--------+-----+--------+
         Total |   1376 |   1343 |     33 |    452 |    682 |   2 |  688.0 |
       Dungeon |   1376 |   1343 |     33 |    452 |    682 |   2 |  688.0 |
               +--------+--------+--------+--------+--------+-----+--------+

Top non-repeatable levels by time:
     D:1: 957 daAuts
     D:2: 418 daAuts
